 Dungeon Crawl Stone Soup version 0.29.1-1-gd02db6906a (webtiles) character file.

Game seed: 6162358657298257345

2275 RascalDebosk the Ducker (level 9, -4/66 HPs)
             Began as a Djinni Venom Mage on Oct 10, 2022.
             Slain by an orc warrior
             ... wielding a +0 mace of distortion
              (15 damage)
             ... on level 6 of the Dungeon.
             The game lasted 00:56:04 (7239 turns).

RascalDebosk the Ducker (Djinni Venom Mage)         Turns: 7239, Time: 00:56:05

Health: -4/66      AC:  7    Str:  7    XL:     9   Next: 65%
Gold:   179        EV: 15    Int: 21    God:
                   SH:  0    Dex: 14

rFire   + + .      SeeInvis .   o - +4 dagger (venom)
rCold   x . .      Faith    .   (no shield)
rNeg    . . .      Spirit   .   n - +0 steam dragon scales
rPois   ∞          Reflect  .   (no helmet)
rElec   .          Harm     .   (no cloak)
rCorr   .          Rampage  .   q - +1 pair of gloves
Will    .....                   (boots unavailable)
Stlth   +++.......              x - amulet of regeneration
HPRegen 1.01/turn               (no ring)
MPRegen 0.00/turn               (no ring)

@: flying
A: sickness immunity, fire resistance 2, cold vulnerability 1, float, innate
caster, HP casting, extra vitality 1
a: no special abilities


You were on level 6 of the Dungeon.
You visited 1 branch of the dungeon, and saw 6 of its levels.
You also visited: Sewer and Ossuary.

You collected 385 gold pieces.
You spent 206 gold pieces at shops.

Inventory:

Hand Weapons
 m - a +0 whip of electrocution
 o - a +4 dagger of venom (weapon)
 s - a +0 dagger
Missiles
 g - a throwing net {@!f}
Armour
 d - a +0 robe
 n - +0 steam dragon scales (worn)
 q - a +1 pair of gloves (worn)
Jewellery
 x - an amulet of regeneration (around neck)
Wands
 y - a wand of flame (25)
Scrolls
 e - 2 scrolls of enchant armour
 i - 4 scrolls of identify
 k - 2 scrolls of summoning
 t - 5 scrolls of teleportation
 w - a scroll of silence {unknown}
 z - a scroll of immolation
Potions
 a - 2 potions of mutation
 b - 2 potions of brilliance {unknown}
 c - a potion of lignification
 f - 6 potions of curing
 h - a potion of degeneration {unknown}
 j - 2 potions of heal wounds
 l - 3 potions of invisibility
 p - 2 potions of attraction {unknown}
 r - 2 potions of might {unknown}
 u - 4 potions of ambrosia {unknown}
 v - 2 potions of haste {unknown}
 A - 2 potions of cancellation {unknown}
 B - a potion of magic {unknown}
 C - a potion of resistance {unknown}


   Skills:
 + Level 6.1 Fighting
 + Level 7.2 Dodging
 - Level 4.5 Stealth
 + Level 5.3 Spellcasting
 - Level 2.6 Evocations


You couldn't memorise any spells.
You knew the following spells:

 Your Spells              Type           Power      Damage    Failure   Level
a - Sting                 Tmut/Pois      100%       1d8       1%          1
b - Poisonous Vapours     Pois/Air       56%        N/A       1%          2
c - Mephitic Cloud        Conj/Pois/Air  28%        N/A       3%          3
d - Olgreb's Toxic Radia  Pois           28%        N/A       12%         4
e - Sandblast             Erth           56%        2d13      1%          1
f - Ensorcelled Hibernat  Hex/Ice        56%        N/A       1%          2
g - Dazzling Flash        Conj/Hex       56%        N/A       3%          3
h - Frozen Ramparts       Ice            56%        1d9       3%          3
Your spell library was empty.

Dungeon Overview and Level Annotations

Branches:
Dungeon (6/15)              Sewer (visited)         Ossuary (visited)
 Temple: D:4-7

Altars:
Cheibriados
Ru
Trog
Xom
The Shining One

Shops:
D:3 ?   D:5 !

Annotations:
D:6 1 transporter


Innate Abilities, Weirdness & Mutations

You are immune to sickness and miasma.
You are immune to poison.
Your flesh is very heat resistant. (rF++)
You are vulnerable to cold. (rC-)
You float through the air rather than walking.
You learn spells naturally, not from books.
Your magical power is your life essence.
You have superior vitality. (+4 MHP)


Message History

The scorpion stings you. The scorpion attacks as you move away!
The scorpion completely misses you.
You kill the scorpion!
HP restored.
t - 5 scrolls of teleportation (gained 1)
Found a transporter.
Found a stone staircase leading up.
There is a stone staircase leading up here.
A scorpion comes into view.
Aiming: Sting (safe; 1% risk of failure)
Press: ? - help, Q - select action, (/) - cycle Shift-Dir - straight line, f - you That beam is likely to hit you.
Continue anyway? [Y]es or [N]o only, please.
That beam is likely to hit you.
Continue anyway?
Okay, then.
Aiming: Sting (safe; 1% risk of failure)
Press: ? - help, Q - select action, (/) - cycle Shift-Dir - straight line, f - scorpion
Aim: a scorpion (78% to hit)
The sting hits the scorpion.
The scorpion is poisoned.
The scorpion is lightly wounded.
The scorpion misses you.
Aiming: Sting (safe; 1% risk of failure)
Press: ? - help, Q - select action, (/) - cycle Shift-Dir - straight line, f/p - scorpion
Aim: a scorpion (moderately wounded, poisoned, 78% to hit)
The sting hits the scorpion but does no damage.
The scorpion looks even sicker.
The scorpion is moderately wounded.
The scorpion stings you but does no damage.
Aiming: Sting (safe; 1% risk of failure)
Press: ? - help, Q - select action, (/) - cycle Shift-Dir - straight line, f/p - scorpion
Aim: a scorpion (heavily wounded, very poisoned, 78% to hit)
You miscast Sting.
You are very lightly contaminated with residual magic.
Nothing appears to happen.
The scorpion completely misses you.
Aiming: Sting (safe; 1% risk of failure)
Press: ? - help, Q - select action, (/) - cycle Shift-Dir - straight line, f/p - scorpion
Aim: a scorpion (heavily wounded, very poisoned, 78% to hit)
The sting hits the scorpion.
The scorpion looks even sicker.
The scorpion is severely wounded.
The scorpion misses you.
Aiming: Sting (safe; 1% risk of failure)
Press: ? - help, Q - select action, (/) - cycle Shift-Dir - straight line, f/p - scorpion
Aim: a scorpion (severely wounded, very poisoned, 78% to hit)
The sting hits the scorpion but does no damage.
The scorpion looks as sick as possible!
The scorpion is severely wounded.
You kill the scorpion!
Your magical contamination has completely faded away.
An orc comes into view. It is wielding a +0 flail.
The orc shouts!
The orc barely misses you.
You hit the orc.
The orc is poisoned.
The orc is heavily wounded.
The orc closely misses you.
You puncture the orc!
You kill the orc!
Things that are here:
a +0 flail; a +0 leather armour
Things that are here:
a +0 flail; a +0 leather armour
Found a transporter.
Found 14 gold pieces.
The orc warrior shouts!
Found a ring of poison resistance.
You now have 179 gold pieces (gained 7).
There is a transporter here.
You enter the transporter and appear at another place.
Casting: Sting (safe; 1% risk of failure)
Confirm with . or Enter, or press ? or * to list all spells.
Aiming: Sandblast (safe; 1% risk of failure)
Press: ? - help, Shift-Dir - straight line, f - orc warrior
Aim: an orc warrior, wielding a +0 mace of distortion and wearing a +2 chain mail (81% to hit)
The blast of sand hits the orc warrior but does no damage.
The orc warrior hits you with a +0 mace of distortion!
Space warps horribly around you!
Casting: Sandblast (safe; 1% risk of failure)
Confirm with . or Enter, or press ? or * to list all spells.
You begin to radiate toxic energy.
The orc warrior is poisoned.
The orc warrior looks even sicker.
The orc warrior hits you with a +0 mace of distortion!
* * * LOW HITPOINT WARNING * * *
You hit the orc warrior but do no damage.
The orc warrior looks even sicker.
Your punch misses the orc warrior.
The orc warrior is lightly wounded.
The orc warrior looks as sick as possible!
Your toxic aura wanes.
The orc warrior hits you with a +0 mace of distortion!
* * * LOW HITPOINT WARNING * * *
Space warps around you.
* * * LOW HITPOINT WARNING * * *
Casting: Olgreb's Toxic Radiance (dangerous; 12% risk of failure)
Confirm with . or Enter, or press ? or * to list all spells.
Aiming: Ensorcelled Hibernation (safe; 1% risk of failure)
Press: ? - help, Shift-Dir - straight line, f/p - orc warrior
Aim: an orc warrior, wielding a +0 mace of distortion and wearing a +2 chain mail (moderately wounded, extremely poisoned, chance to affect: 59%)
The orc warrior resists with significant effort.
* * * LOW HITPOINT WARNING * * *
The orc warrior hits you with a +0 mace of distortion!
You die...

#########......##### ...^.##.....
.## #..........##.^..###.....
.~## #...........# ...#(....##
.bl# #......###..##..=#.....#
###### ##....##.##.©#$# ##....#
.....## #...##...#.##.# ##...#
####).####...##...###?## # #...##
~..##[#.......##o#.....#.#.##....
~.###.#........#@...#.##...$#©...
~###...........#.#.##...###.#...#
#####.#........##.####©##.###...#
.........##.....###..###.......##
...............................#
.#.###...#.....................#
.....................####.#...##
.###.#........##............###
.###..........##[####.#######


You could see an orc warrior (extremely poisoned).

Vanquished Creatures
  Grinder (D:5)
  Sigmund (D:2)
  A steam dragon (D:6)
  A water moccasin (D:4)
  2 black bears
  An ice beast (D:5)
  A phantom (D:4)
  3 kobold brigands
  A bullfrog (D:6)
  A necrophage (D:6)
  4 scorpions
  A howler monkey (D:4)
  A human zombie (Ossuary)
  A quasit (Sewer)
  A gnoll bouda (D:5)
  A jelly (D:6)
  2 hounds
  Natasha (thrice) (D:2)
  2 orc wizards (D:4)
  2 iguanas
  3 mummies (Ossuary)
  5 gnolls (D:5)
  7 adders
  4 shadow imps
  5 ufetubi
  A worm zombie (D:6)
  5 adder zombies
  A worm (D:3)
  4 dart slugs
  8 orcs
  7 bats
  4 endoplasms
  3 giant cockroaches
  6 goblins
  11 hobgoblins
  3 jackals (D:5)
  29 kobolds
  2 quokkas
  7 ball pythons
  3 frilled lizards
  A giant cockroach zombie (Sewer)
  A goblin zombie (Ossuary)
  5 hobgoblin zombies
  5 kobold zombies
  4 quokka zombies (Ossuary)
  A rat (D:1)
  A rat zombie (Ossuary)
167 creatures vanquished.

Vanquished Creatures (others)
  2 endoplasms (Sewer)
  19 fungi (D:6)
  7 plants (D:2)
28 creatures vanquished.

Grand Total: 195 creatures vanquished

Notes
Turn   | Place    | Note
-------+----------+-------------------------------------------
     0 | D:1      | RascalDebosk the Djinni Venom Mage began the quest for the
                  | Orb.
     0 | D:1      | RascalDebosk set off with the following spells memorised:
                  | Sting, Poisonous Vapours, Mephitic Cloud, Olgreb's Toxic
                  | Radiance.
     0 | D:1      | Reached XP level 1. HP: 15/15 MP: 0/0
    85 | D:1      | Reached XP level 2. HP: 10/22 MP: 0/0
   605 | D:1      | Reached XP level 3. HP: 15/26 MP: 0/0
   605 | D:1      | Learned a level 1 spell: Sandblast
   901 | D:1      | Reached skill level 1 in Fighting
  1088 | D:2      | Reached skill level 1 in Evocations
  1112 | D:2      | Noticed Natasha
  1120 | D:2      | Killed Natasha
  1121 | D:2      | Reached XP level 4. HP: 15/32 MP: 0/0
  1655 | D:2      | Noticed Natasha
  1663 | D:2      | Killed Natasha
  1664 | D:2      | Reached skill level 3 in Dodging
  1823 | D:2      | Found a sacrificial altar of Ru.
  2020 | D:2      | Noticed Sigmund
  2027 | D:2      | Reached XP level 5. HP: 17/38 MP: 0/0
  2027 | D:2      | Learned a level 2 spell: Ensorcelled Hibernation
  2044 | D:2      | Killed Sigmund
  2045 | D:2      | Reached XP level 6. HP: 9/44 MP: 0/0
  2398 | D:2      | Noticed Natasha
  2405 | D:2      | Killed Natasha
  2449 | D:2      | Found a faded altar of an unknown god.
  2889 | D:3      | Found a snail-covered altar of Cheibriados.
  3204 | D:3      | Found Myqosaze's Magic Scroll Emporium.
  3210 | D:3      | Bought a scroll of noise for 13 gold pieces
  3210 | D:3      | Bought a scroll of enchant weapon for 97 gold pieces
  3210 | D:3      | Bought a scroll of identify for 26 gold pieces
  3751 | D:3      | HP: 1/45 [orc/+0 mace (5)]
  4389 | D:4      | Reached XP level 7. HP: 29/49 MP: 0/0
  4389 | D:4      | Learned a level 3 spell: Dazzling Flash
  4571 | D:4      | Identified the +2 robe "Canos" {rN+ Str+3 Stlth-}
  4612 | D:4      | Reached skill level 4 in Dodging
  4671 | D:4      | Found a glowing golden altar of the Shining One.
  4792 | D:4      | Found a bloodstained altar of Trog.
  4979 | D:4      | Found a shimmering altar of Xom.
  5031 | D:4      | Noticed a water moccasin
  5050 | D:4      | Killed a water moccasin
  5208 | D:5      | Entered Level 5 of the Dungeon
  5214 | D:5      | Reached XP level 8. HP: 44/58 MP: 0/0
  5269 | D:5      | Reached skill level 5 in Dodging
  5529 | D:5      | Noticed Grinder
  5552 | D:5      | Killed Grinder
  5631 | D:5      | Found Ris Ech's Distillery.
  5641 | D:5      | Bought a potion of heal wounds for 70 gold pieces
  5894 | D:5      | Reached XP level 9. HP: 61/64 MP: 0/0
  5894 | D:5      | Learned a level 3 spell: Frozen Ramparts
  6017 | D:6      | Reached skill level 5 in Fighting
  6017 | D:6      | Reached skill level 6 in Dodging
  6249 | D:6      | Found a sand-covered staircase.
  6253 | Ossuary  | Entered an ossuary
  6407 | D:6      | Reached skill level 5 in Spellcasting
  6559 | D:6      | Found a glowing drain.
  6577 | Sewer    | Entered a sewer
  6725 | Sewer    | Found a burning altar of Makhleb.
  6745 | Sewer    | Reached skill level 7 in Dodging
  7097 | D:6      | Found a transporter.
  7219 | D:6      | Found a transporter.
  7239 | D:6      | Slain by an orc warrior

Illustrated notes

Levels and vault maps discovered:
D:1:      dpeg_arrival_tiny_a, layout_rooms
D:2:      layout_loops_ring, chequers_ecumenical_altar_lobes, basic_altar,
          grunt_decor_resistance, uniq_sigmund, uniq_natasha
D:3:      layout_basic, cheibriados_altar_1, serial_shops, shop
D:4:      layout_rooms, kennysheep_little_box, nicolae_tso_swordbearing_angel,
          mainiacjoe_overflow_alcove_2
D:5:      layout_rooms, serial_shops, nicolae_shop_trees,
          nicolae_underground_beach, uniq_grinder
D:6:      layout_loops_cross, portal_sewer_entry_d, enter_ossuary_3,
          gammafunk_ghost_abyssal_escape, serial_aquarium,
          aquarium_bridge_straight [aquarium_subvault_bridge,
          aquarium_subvault_wall, aquarium_subvault_bridge,
          aquarium_subvault_wall], aquarium_bridge_island_small
          [aquarium_subvault_small_water, aquarium_subvault_window,
          aquarium_subvault_window, aquarium_subvault_bridge,
          aquarium_subvault_window], aquarium_window_corridor_2,
          aquarium_window_fake, aquarium_window_2, aquarium_view_2d,
          aquarium_view_2a

Skill      XL: |  1  2  3  4  5  6  7  8  9 |
---------------+----------------------------+-----
Fighting       | 1 2 3 4 6 |  6.1
Evocations     | 1 2 |  2.6
Stealth        | 2 3 4 |  4.5
Dodging        | 3 4 5 7 |  7.2
Spellcasting   | 3 4 5 |  5.3

Action                   |  1- 3 |  4- 6 |  7- 9 || total
-------------------------+-------+-------+-------++-------
Melee: Whip              |     1 |    71 |     3 ||    75
       Punch             |       |     2 |     3 ||     5
       Dagger            |       |       |   133 ||   133
 Cast: Sting             |    40 |    37 |    95 ||   172
       Poisonous Vapours |     3 |     8 |       ||    11
       Sandblast         |     2 |       |    66 ||    68
       Olgreb's Toxic Ra |       |     3 |     8 ||    11
       Ensorcelled Hiber |       |     2 |    13 ||    15
       Mephitic Cloud    |       |     1 |     2 ||     3
  Use: Scroll            |       |     3 |    13 ||    16
       Potion            |       |       |     2 ||     2
 Stab: Sleeping          |       |     5 |    14 ||    19
       Confused          |       |       |     1 ||     1
Armor: Robe              |     2 |    18 |    27 ||    47
       Steam dragon scal |       |       |    53 ||    53
Dodge: Dodged            |    14 |    70 |   231 ||   315
